 Dungeon Crawl Stone Soup version 0.29.1-15-g9cfb28693d (webtiles) character file.

Game seed: 16620512742051645636

174 tizbic2 the Ruffian (level 5, 0/47 HPs)
             Began as a Ghoul Monk on Apr 19, 2023.
             Slain by Natasha (6 damage)
             ... on level 3 of the Dungeon.
             The game lasted 00:09:03 (2252 turns).

tizbic2 the Ruffian (Ghoul Monk)                    Turns: 2252, Time: 00:09:03

Health: 0/47       AC:  6    Str: 17    XL:     5   Next: 54%
Magic:  4/4        EV: 11    Int:  5    God:
Gold:   101        SH:  0    Dex: 11    Spells: 4/4 levels left

rFire   + . .      SeeInvis +   g - +0 trident (venom)
rCold   + + .      Faith    .   (no shield)
rNeg    + + +      Spirit   .   o - +0 ring mail
rPois   ∞          Reflect  .   f - +0 helmet
rElec   .          Harm     .   h - scarf {rC+ rF+}
rCorr   .          Rampage  .   (no gloves)
Will    .....                   (no boots)
Stlth   +.........              (no amulet)
HPRegen 0.00/turn               n - ring of see invisible
MPRegen 0.09/turn               (no ring)

@: inhibited regen
A: claws 1, cold resistance 1, negative energy resistance 3, inhibited
regeneration, torment resistance 2, devour on kill
a: no special abilities


You were on level 3 of the Dungeon.
You visited 1 branch of the dungeon, and saw 3 of its levels.

You collected 101 gold pieces.

Inventory:

Hand Weapons
 d - a +0 spear
 g - a +0 trident of venom (weapon)
Missiles
 k - 2 throwing nets (quivered)
Armour
 a - a +0 robe
 f - a +0 helmet (worn)
 h - a scarf of resistance (worn)
 o - a +0 ring mail (worn)
Jewellery
 n - a ring of see invisible (left claw)
Scrolls
 j - a scroll of magic mapping {unknown}
 m - a scroll of noise {unknown}
Potions
 b - a potion of ambrosia
 c - a potion of cancellation {unknown}
 i - a potion of magic {unknown}
 l - a potion of haste {unknown}
 p - a potion of attraction {unknown}


   Skills:
 + Level 4.3 Fighting
 + Level 1.1 Polearms
 - Level 3.2 Dodging
 - Level 2.1 Stealth
 * Level 5.2 Unarmed Combat


You had 4 spell levels left.
You didn't know any spells.
Your spell library contained the following spells:

 Spells                   Type           Power      Damage    Failure   Level
 Summon Hydra             Summ           0%         N/A       100%        7
 Sublimation of Blood     Necr           Unusable   N/A       N/A         2
 Wereblood                Tmut           Unusable   N/A       N/A         2

Dungeon Overview and Level Annotations

Branches:
Dungeon (3/15)

Altars:

Shops:
D:3 !

Annotations:
D:3 Natasha, Robin


Innate Abilities, Weirdness & Mutations

You are immune to poison.
You have sharp fingernails.
Your flesh is cold resistant. (rC+)
You are immune to negative energy. (rN+++)
You do not regenerate when monsters are visible.
You are immune to unholy pain and torment.
You thrive by killing the living.


Message History

Press: ? - help, Dir - move target, f - Robin
Aim: Robin, wielding a +0 trident, wearing a +0 animal skin, wearing a +2 helmet and carrying a wand of roots (2) (about 36% to evade your +0 trident of venom)
The hobgoblin is in the way.
You closely miss the hobgoblin.
The crimson imp blinks!
The hobgoblin completely misses you. Robin hits you but does no damage.
The grasping roots constrict you.
The grasping roots release their grip on you.
Reach: g) +0 trident (venom)
Press: ? - help, Dir - move target, f/p - Robin
Aim: Robin, wielding a +0 trident, wearing a +0 animal skin, wearing a +2 helmet and carrying a wand of roots (2) (about 36% to evade your +0 trident of venom)
You reach to attack!
You hit Robin.
Robin is poisoned.
Robin is lightly wounded.
Robin hits you from afar with a +0 trident.
The hobgoblin hits you.
* * * LOW HITPOINT WARNING * * *
Reach: g) +0 trident (venom)
Press: ? - help, Dir - move target, f - Natasha, p - Robin
Aim: Natasha (about 53% to evade your +0 trident of venom)
The hobgoblin is in the way.
You hit the hobgoblin but do no damage.
The hobgoblin is poisoned.
Robin hits you from afar with a +0 trident!
* * * LOW HITPOINT WARNING * * *
The hobgoblin misses you.
The iron imp disappears for a moment.
You feel much better. The hobgoblin hits you. Robin barely misses you.
Reach: g) +0 trident (venom)
Press: ? - help, Dir - move target, f/p - Natasha
Aim: Natasha (about 53% to evade your +0 trident of venom)
The hobgoblin is in the way.
You hit the hobgoblin.
You kill the hobgoblin!
The crimson imp blinks!
Robin hits you from afar with a +0 trident!
* * * LOW HITPOINT WARNING * * *
Natasha stares at you and mumbles some strange words.
The magic dart hits you.
* * * LOW HITPOINT WARNING * * *
Robin closely misses you.
You barely miss Natasha. Natasha claws you but does no damage.
Robin barely misses you.
You closely miss Natasha. Natasha claws you.
You die...

#...# ##...# #...##
#.#.## #.#†.##
#.#..†# #####.#'#.#
##########.....'∩'.#
......5h@).....#'###
.....wg###5......#
$...... #.....÷.#
....... .......#.#
.......#####..##.#
....... #..##.#
....... ....##.# ##.
.###### ..#..##.# ..
.###. #.#


You could see a worm, an iron imp (summoned), Robin (poisoned), Natasha and a
crimson imp (summoned).

Vanquished Creatures
  Jessica (D:3)
  Natasha (twice) (D:3)
  3 adders
  2 worms
  3 dart slugs (D:1)
  9 bats
  An endoplasm (D:1)
  4 giant cockroaches
  6 hobgoblins
  2 jackals (D:1)
  A kobold (D:1)
  6 ball pythons
  3 frilled lizards (D:1)
  10 goblins
  8 rats
61 creatures vanquished.

Notes
Turn   | Place    | Note
-------+----------+-------------------------------------------
     0 | D:1      | tizbic2 the Ghoul Monk began the quest for the Orb.
     0 | D:1      | Reached XP level 1. HP: 19/19 MP: 0/0
   137 | D:1      | Reached XP level 2. HP: 23/26 MP: 1/1
   558 | D:1      | Reached skill level 4 in Unarmed Combat
   558 | D:1      | Reached XP level 3. HP: 31/31 MP: 2/2
   968 | D:2      | You fall into a shaft and drop 1 floor!
  1115 | D:2      | Reached XP level 4. HP: 5/40 MP: 3/3
  1846 | D:3      | Noticed Natasha
  1847 | D:3      | Noticed Jessica
  1854 | D:3      | Killed Natasha
  1860 | D:3      | Killed Jessica
  1861 | D:3      | Reached XP level 5. HP: 39/46 MP: 4/4
  1952 | D:3      | Noticed Natasha
  1964 | D:3      | Killed Natasha
  1965 | D:3      | Reached skill level 1 in Polearms
  1965 | D:3      | Reached skill level 5 in Unarmed Combat
  2187 | D:3      | Found Usomu's Distillery.
  2224 | D:3      | Noticed Robin
  2225 | D:3      | Noticed Natasha
  2252 | D:3      | Slain by Natasha

Illustrated notes

Levels and vault maps discovered:
D:1:      lightli_arrival_farm, layout_rooms, minmay_misc_feat_five,
          ebering_dispersal_statue_hall
D:2:      layout_loops_ring
D:3:      layout_rooms, mainiacjoe_overflow_24_doors, serial_shops,
          nicolae_shop_behind_doors, uniq_robin, uniq_natasha, uniq_jessica

Skill      XL: |  1  2  3  4  5 |
---------------+----------------+-----
Dodging        | 3 |  3.2
Unarmed Combat | 4 5 |  5.2
Fighting       | 4 |  4.3
Polearms       | 1 |  1.1
Stealth        | |  2.1

Action                   |  1- 3 |  4- 6 || total
-------------------------+-------+-------++-------
Melee: Spear             |   129 |    40 ||   169
       Unarmed           |     4 |       ||     4
       Punch             |     3 |     1 ||     4
       Trident           |       |    56 ||    56
  Use: Scroll            |       |     2 ||     2
       Potion            |       |     2 ||     2
 Stab: Sleeping          |     4 |     2 ||     6
Armor: Robe              |    25 |    12 ||    37
       Ring mail         |       |    15 ||    15
Dodge: Dodged            |    73 |    75 ||   148
